 Dungeon Crawl Stone Soup version 0.31-a0-1074-g0b22e4e0f1 (webtiles) character file.

Game seed: 6816611360602143669

1390 SheepSpotted the Skirmisher (level 8, -5/45 HPs)
             Began as a Deep Elf Conjurer on Dec 1, 2023.
             Was a Believer of Fedhas.
             Slain by a sky beast simulacrum (7 damage)
             ... on level 6 of the Dungeon on Dec 4, 2023.
             The game lasted 01:07:48 (5999 turns).

SheepSpotted the Skirmisher (Deep Elf Conjurer)     Turns: 5999, Time: 01:07:49

Health: -5/45      AC:  4    Str:  3 (4)  XL:     8   Next: 40%
Magic:  0/18       EV: 18    Int: 25 (26) God:    Fedhas [**....]
Gold:   257        SH:  0    Dex: 12 (13) Spells: 5/18 levels left

rFire   . . .        o - +0 sling (flame)
rCold   . . .        (no shield)
rNeg    . . .        a - +1 robe
rPois   .            t - +0 helmet
rElec   .            (no cloak)
rCorr   .            (no gloves)
SInv    .            (no boots)
Will    .....        d - amulet of guardian spirit
Stlth   ++           q - +5 ring of evasion
HPRegen 0.27/turn    (no ring)
MPRegen 0.16/turn

%: guardian spirit
@: no status effects
A: no striking features
a: Renounce Religion, Wall of Briars


You were on level 6 of the Dungeon.
You worshipped Fedhas.
Fedhas was pleased with you.
You visited 1 branch of the dungeon, and saw 6 of its levels.

You collected 257 gold pieces.

Inventory:

Hand Weapons
 g - a +0 flail
 i - a +0 dagger of pain
 o - a +0 sling of flaming (weapon)
Missiles
 j - 4 curare-tipped darts
 n - a throwing net
Armour
 a - a +1 robe (worn)
 t - a +0 helmet (worn)
 v - a +0 kite shield
Jewellery
 d - an amulet of guardian spirit (around neck)
 q - a +5 ring of evasion (left hand)
Talismans
 e - a beast talisman
Wands
 p - a wand of roots (11)
Scrolls
 m - a scroll of amnesia
 u - 2 scrolls of identify
Potions
 b - a potion of degeneration
 l - a potion of enlightenment


   Skills:
 + Level 2.5 Fighting
 + Level 9.1 Ranged Weapons
 + Level 4.1 Dodging
 + Level 3.4 Stealth
 + Level 5.6 Spellcasting
 + Level 6.5 Conjurations


You had 5 spell levels left.
You knew the following spells:

 Your Spells              Type           Power      Damage    Failure   Level
a - Magic Dart            Conj           100%       1d8       1%          1
b - Searing Ray           Conj           78%        2d7       1%          2
c - Iskenderun's Mystic   Conj/Tloc      23%        2d6       21%         4
d - Starburst             Conj/Fire      11%        6d5       97%         6

Your spell library contained the following spells:

 Spells                   Type           Power      Damage    Failure   Level
 Kiss of Death            Conj/Necr      92%        2d12      1%          1
 Dazzling Flash           Conj/Hex       46%        N/A       6%          3
 Necrotise                Necr           28%        1d5       8%          1
 Sublimation of Blood     Necr           7%         N/A       12%         2
 Fulminant Prism          Conj/Hex       11%        3d9       21%         4
 Volatile Blastmotes      Fire/Tloc      14%        2d11      22%         3
 Inner Flame              Hex/Fire       7%         N/A       24%         3
 Animate Dead             Necr           7%         N/A       61%         4
 Yara's Violent Unravell  Hex/Tmut       3%         3d4       91%         5
 Enfeeble                 Hex            3%         N/A       100%        7
 Maxwell's Capacitive Co  Air            3%         ∞         100%        8


Dungeon Overview and Level Annotations

Branches:
Dungeon (6/15)             Temple (0/1) D:5

Altars:
Cheibriados
Elyvilon
Fedhas
Kikubaaqudgha
Makhleb
Qazlal

Shops:
D:6 (


Message History

The sling bullet burns the iguana.
The iguana is moderately wounded.
The iguana completely misses you.
Fire: o) +0 sling (flame)
Press: ? - help, Q - select action, (/) - cycle Shift-Dir - straight line, f/p - iguana
Aim: an iguana (moderately wounded, 64% to hit)
You shoot a sling bullet.
The sling bullet closely misses the iguana.
The iguana completely misses you. The sky beast simulacrum misses you.
Fire: o) +0 sling (flame)
Press: ? - help, Q - select action, (/) - cycle Shift-Dir - straight line, f/p - iguana
Aim: an iguana (moderately wounded, 64% to hit)
You shoot a sling bullet. The sling bullet hits the iguana.
The sling bullet burns the iguana.
The iguana is moderately wounded.
The iguana bites you!
* * * LOW HITPOINT WARNING * * *
Fire: o) +0 sling (flame)
Press: ? - help, Q - select action, (/) - cycle Shift-Dir - straight line, f/p - iguana
Aim: an iguana (moderately wounded, 64% to hit)
You shoot a sling bullet. The sling bullet hits the iguana.
The sling bullet burns the iguana.
The iguana is severely wounded.
The sky beast simulacrum misses you.
The iguana bites you but does no damage.
Aiming: Fastroot
Press: ? - help, Q - select action, (/) - cycle Shift-Dir - straight line, p - iguana The roots erupt in riotous growth!
Roots grab the sky beast simulacrum.
Roots grab the iguana.
The grasping roots constrict the iguana!
You kill the iguana!
Fedhas appreciates your contribution to the ecosystem.
The grasping roots constrict the sky beast simulacrum.
You hear an angry hiss.
You hear a shout! x2
Kikubaaqudha cackles.
The sky beast simulacrum hits you.
* * * LOW HITPOINT WARNING * * *
The sky beast simulacrum freezes you!
You die...
Fedhas appreciates your contribution to the ecosystem.

#..≈.≈...≈.§ ##.
.§≈§§?_.≈.≈ ..
#§≈.§...≈.≈ #.# ###
#.§.§≈≈≈≈.≈ ..##.#
#.≈.......≈ ..#.#
#.≈§.≈≈≈≈≈≈ #.#.#
###Z.)....§..
###.#.###....Z.#####
###.......))..@.##
###...#..#..#....##
#.......∩..##....#
...........#######.#
#..........# #.#
#..<.......## ...
#...........## #.#
#............##..#
#..........#....#


You could see an iguana simulacrum and a sky beast simulacrum (rooted).

Vanquished Creatures
  A wyvern (D:5)
  A sky beast (D:6)
  An ice beast (D:6)
  An ogre (D:6)
  2 phantoms (D:4)
  A wyvern zombie (D:5)
  3 scorpions (D:6)
  A howler monkey (D:5)
  A hound (D:5)
  2 jellies (D:5)
  3 orc priests
  3 iguanas
  3 orc wizards
  3 hound zombies (D:4)
  5 adders
  2 ufetubi (D:6)
  3 orc zombies
  2 adder zombies (D:4)
  A worm (D:4)
  2 dart slugs
  12 orcs
  8 bats
  8 endoplasms
  5 giant cockroaches
  7 goblins
  9 hobgoblins
  12 jackals
  6 quokkas
  7 ball pythons
  A ball python zombie (D:3)
  4 frilled lizards
  A giant cockroach zombie (D:4)
  A goblin zombie (D:4)
  2 jackal zombies (D:4)
  6 kobolds
  A quokka zombie (D:3)
  8 rats
139 creatures vanquished.

Vanquished Creatures (collateral kills)
  An orc wizard (D:5)
1 creature vanquished.

Vanquished Creatures (others)
  An orc wizard (D:5)
  An orc (D:5)
2 creatures vanquished.

Grand Total: 142 creatures vanquished

Notes
Turn   | Place    | Note
-------+----------+-------------------------------------------
     0 | D:1      | SheepSpotted the Deep Elf Conjurer began the quest for the
                  | Orb.
     0 | D:1      | Reached XP level 1. HP: 10/10 MP: 6/6
   243 | D:1      | Reached XP level 2. HP: 15/15 MP: 4/8
   787 | D:1      | Reached skill level 5 in Conjurations
  1328 | D:2      | Found a blossoming altar of Fedhas.
  1373 | D:2      | Became a worshipper of Fedhas Madash
  1412 | D:2      | Reached XP level 3. HP: 19/19 MP: 4/9
  1792 | D:2      | Found a faded altar of an unknown god.
  1792 | D:2      | Noticed a balrug
  1806 | D:2      | Learned a level 2 spell: Searing Ray
  1813 | D:2      | Prayed at the altar of an unknown god.
  1813 | D:2      | Fell from the grace of Fedhas
  1813 | D:2      | Became a worshipper of Kikubaaqudgha
  1813 | D:2      | Reached * piety under Kikubaaqudgha
  1813 | D:2      | Received a gift from Kikubaaqudgha
  1814 | D:2      | Fell from the grace of Kikubaaqudgha
  2035 | D:2      | Became a worshipper of Fedhas Madash
  2353 | D:3      | Reached XP level 4. HP: 24/24 MP: 8/11
  2414 | D:3      | Reached skill level 1 in Ranged Weapons
  2482 | D:3      | Reached * piety under Fedhas
  2882 | D:4      | Noticed a phantom
  2893 | D:4      | Killed a phantom
  2894 | D:4      | Reached skill level 3 in Ranged Weapons
  2894 | D:4      | Reached XP level 5. HP: 8/27 MP: 1/12
  3121 | D:4      | Found a white marble altar of Elyvilon.
  3384 | D:4      | Noticed a phantom
  3390 | D:4      | Reached skill level 4 in Ranged Weapons
  3410 | D:4      | Killed a phantom
  3411 | D:4      | Reached skill level 5 in Ranged Weapons
  3411 | D:4      | Reached XP level 6. HP: 13/33 MP: 1/14
  3505 | D:4      | Found Iruim's Book Shop.
  3935 | D:4      | Reached ** piety under Fedhas
  4041 | D:4      | Learned a level 4 spell: Iskenderun's Mystic Blast
  4048 | D:4      | Learned a level 6 spell: Starburst
  4233 | D:5      | Entered Level 5 of the Dungeon
  4272 | D:5      | Found a stormy altar of Qazlal.
  4272 | D:5      | Found a blossoming altar of Fedhas.
  4401 | D:5      | Reached skill level 6 in Ranged Weapons
  4401 | D:5      | Reached XP level 7. HP: 27/37 MP: 0/15
  4627 | D:5      | Found a staircase to the Ecumenical Temple.
  4732 | D:5      | Noticed a wyvern
  4753 | D:5      | Reached skill level 1 in Fighting
  4753 | D:5      | HP: 1/38 [wyvern (3)]
  4769 | D:5      | Found a snail-covered altar of Cheibriados.
  5059 | D:5      | Killed a wyvern
  5060 | D:5      | Reached skill level 7 in Ranged Weapons
  5082 | D:5      | HP: 1/57 [iguana (7)]
  5553 | D:6      | Reached skill level 8 in Ranged Weapons
  5553 | D:6      | Reached XP level 8. HP: 38/44 MP: 12/17
  5616 | D:6      | Reached skill level 5 in Spellcasting
  5637 | D:6      | Found Jureqaz's Weapon Shop.
  5677 | D:6      | HP: 2/42 [something (6)]
  5956 | D:6      | Found a burning altar of Makhleb.
  5959 | D:6      | Reached skill level 9 in Ranged Weapons
  5997 | D:6      | HP: 2/45 [iguana (10)]
  5999 | D:6      | Slain by a sky beast simulacrum

Illustrated notes

Levels and vault maps discovered:
D:1:      dpeg_arrival_arbitrary_a, layout_loops_corners, chequers_big_river
D:2:      layout_rooms, dreamdust_ecumenical_altar_sealed_demon, basic_altar,
          kennysheep_generic_room_4
D:3:      layout_rooms, minmay_misc_feat_four_crosses
D:4:      layout_loops_corners, nicolae_elyvilon_temple_path, serial_shops,
          nicolae_shop_real_fake_doors, serial_undead, serial_undead_c,
          serial_undead_f, serial_undead_c, serial_undead_b,
          kennysheep_generic_room_12
D:5:      kennysheep_spiral_hall, layout_cave_pools,
          grunt_temple_overflow_forces_of_nature, kennysheep_mini, temple_hall
D:6:      layout_rooms, mainiacjoe_overflow_concentric_impassable,
          mainiacjoe_overflow_small_starburst, zin_angel, serial_shops, shop

Skill      XL: |  1  2  3  4  5  6  7  8 |
---------------+-------------------------+-----
Conjurations   | 5 6 |  6.5
Stealth        | 3 |  3.4
Ranged Weapons | 3 5 6 8 9 |  9.1
Dodging        | 3 4 |  4.1
Spellcasting   | 4 5 |  5.6
Fighting       | 2 |  2.5

Action                     |  1- 3 |  4- 6 |  7- 9 || total
---------------------------+-------+-------+-------++-------
  Melee: Flail             |    14 |       |       ||    14
         Dagger            |     7 |       |       ||     7
         Punch             |     1 |       |       ||     1
         Sling             |       |       |     1 ||     1
   Fire: Sling             |    28 |   144 |   195 ||   367
  Throw: Dart              |     1 |       |       ||     1
   Cast: Magic Dart        |    73 |   119 |    77 ||   269
         Iskenderun's Myst |       |       |     5 ||     5
         Searing Ray       |       |       |     2 ||     2
 Invoke: Renounce Religion |     1 |       |       ||     1
         Wall of Briars    |       |       |     1 ||     1
  Evoke: Wand              |       |       |     2 ||     2
    Use: Scroll            |     4 |     4 |     8 ||    16
         Potion            |     4 |     5 |     5 ||    14
 Armour: Robe              |    35 |    69 |    68 ||   172
         Skin              |       |       |     8 ||     8
  Dodge: Dodged            |    43 |    88 |   130 ||   261
  Block: Kite shield       |       |     4 |       ||     4

Table legend: (Time is in decaauts)
 A = Elapsed time spent in this place.
 B = Non-inter-level travel time spent in this place.
 C = Inter-level travel time spent in this place.
 D = Time resting spent in this place.
 E = Time spent auto-exploring this place.
 F = Levels seen in this place.
 G = Mean time per level.
                   A        B        C        D        E       F      G
               +--------+--------+--------+--------+--------+-----+--------+
         Total |   6083 |   1317 |   4766 |      0 |    225 |   6 | 1013.8 |
       Dungeon |   6083 |   1317 |   4766 |      0 |    225 |   6 | 1013.8 |
               +--------+--------+--------+--------+--------+-----+--------+

Top non-repeatable levels by time:
     D:4: 1401 daAuts
     D:1: 1335 daAuts
     D:5: 1313 daAuts
     D:2: 816 daAuts
     D:3: 756 daAuts
     D:6: 461 daAuts
